 Dungeon Crawl Stone Soup version 0.26.1-2-gb8aa6d0cf2 (webtiles) character file.

Game seed: 5223156372012767732

417 Electrofox the Chiller (level 6, -2/45 HPs)
             Began as a Draconian Ice Elementalist on Mar 12, 2021.
             Slain by Grinder (7 damage)
             ... on level 4 of the Dungeon.
             The game lasted 00:35:16 (5420 turns).

Electrofox the Chiller (Draconian Ice Elementalist) Turns: 5420, Time: 00:35:16

Health: -2/45      AC: 13    Str: 10    XL:     6   Next: 61%
Magic:  9/12       EV: 12    Int: 17    God:
Gold:   150        SH:  0    Dex: 12    Spells: 6/13 levels left

rFire    . . .     SeeInvis .   b - +0 short sword
rCold    . . .     Faith    .   (no shield)
rNeg     . . .     Spirit   .   (armour unavailable)
rPois    .         Reflect  .   (helmet restricted)
rElec    .         Harm     .   (no cloak)
rCorr    .         Rampage  .   (no gloves)
Will     .....                  (no boots)
Stlth    ++........             (no amulet)
HPRegen  0.15/turn              (no ring)
MPRegen  0.13/turn              (no ring)

@: icy armour
A: unfitting armour, cold-blooded, AC +6
a: no special abilities


You were on level 4 of the Dungeon.
You visited 2 branches of the dungeon, and saw 5 of its levels.

You collected 150 gold pieces.

Inventory:

Hand Weapons
 b - a +0 short sword (weapon)
Missiles
 c - 29 poisoned darts
 s - 5 javelins (quivered)
Armour
 f - a +1 pair of gloves
Jewellery
 u - an uncursed ring of resist corrosion {unknown}
 v - a cursed -4 ring of slaying {unknown}
 w - an uncursed ring of positive energy {unknown}
Wands
 x - a wand of iceblast (6)
Scrolls
 a - a scroll of magic mapping {unknown}
 d - a scroll of enchant armour {unknown}
 h - a scroll of immolation {unknown}
 j - a scroll of remove curse {unknown}
 l - a scroll of blinking {unknown}
 n - a scroll of random uselessness {unknown}
 o - a scroll of teleportation
 p - a scroll of identify
 q - a scroll of enchant weapon {unknown}
 t - a scroll of amnesia {unknown}
Potions
 e - a potion of cancellation
 g - 5 potions of curing
 i - a potion of flight
 k - a potion of mutation {unknown}
 m - 2 potions of lignification {unknown}
 r - 2 potions of heal wounds


   Skills:
 - Level 1.7 Dodging
 - Level 1.7 Stealth
 + Level 4.2 Spellcasting
 * Level 6.8 Ice Magic


You had 6 spell levels left.
You knew the following spells:

 Your Spells              Type           Power        Failure   Level
a - Freeze                Ice            100%         1%          1
b - Frozen Ramparts       Ice            52%          2%          3
c - Ozocubu's Armour      Ice            26%          2%          3

Your spell library contained the following spells:

 Spells                   Type           Power        Failure   Level
 Hailstorm                Conj/Ice       15%          36%         4
 Summon Ice Beast         Ice/Summ       15%          36%         4


Dungeon Overview and Level Annotations

Branches:
Dungeon (4/15)             Temple (1/1) D:4

Altars:
Cheibriados
Dithmenos
Gozag
Hepliaklqana
Kikubaaqudgha
Makhleb
Okawaru
Qazlal
Ru
Trog
Uskayaw
Vehumet
Wu Jian
Xom
Zin
The Shining One

Annotations:
D:3 exclusion: ogre
D:4 1 transporter, exclusion: 3 doors, Grinder


Innate Abilities, Weirdness & Mutations

Your plain brown scales are hard. (AC +6)
You cannot fit into any form of body armour.
You are cold-blooded and may be slowed by cold attacks.


Message History

You throw a javelin.
The javelin pierces through Grinder but does no damage.
Grinder is moderately wounded.
You completely miss Grinder.
Grinder is moderately wounded.
Grinder hits you but does no damage.
You closely miss Grinder.
Grinder is moderately wounded.
Grinder hits you!
You writhe in agony.
* * * LOW HITPOINT WARNING * * *
You closely miss Grinder.
Grinder is moderately wounded.
Grinder hits you.
* * * LOW HITPOINT WARNING * * *
You writhe in agony.
* * * LOW HITPOINT WARNING * * *
You closely miss Grinder.
Grinder is moderately wounded.
Grinder hits you!
You die...

#.# #.##.. .##
#...##..>..# #.#
#.##..###.#####...#......
#.#
#.##............#.##...##
##.#
#.##.........####..#.###.
#..# #(............#
##.#.#...
#..#######...5.......##
......#
#..<......(..<........#
..#...#
#.########....#####♣♣.♣
#.....## #.# #(...5@...♣
≈♣ ♣...#.# #.# #(.#.####♣♣
.♣♣ .? #.# #..#.# ≈♣ #.#
#..#.#♣♣♣ .♣♣♣ #.#
#..#...P♣♣♣≈≈..♣≈ #.#
#..#...≈.§≈≈≈≈≈≈≈
#.########..#.#♣♣≈♣♣5≈≈P≈♣
#...........#.# ♣♣♣ ≈P♣♣♣
###########.#.# .♣


You could see Grinder.

Vanquished Creatures
  A howler monkey (D:4)
  A hound (D:4)
  A jelly (D:4)
  An orc priest (D:4)
  A gnoll shaman (D:4)
  An iguana (D:4)
  2 worker ants (D:4)
  4 adders
  4 gnolls
  An adder zombie (D:2)
  2 worms (D:2)
  2 dart slugs
  6 leopard geckos
  5 orcs
  4 bats
  8 giant cockroaches
  6 goblins
  15 hobgoblins
  5 jackals
  A quokka (D:2)
  A ball python (D:2)
  8 frilled lizards
  8 kobolds
  11 rats
99 creatures vanquished.

Vanquished Creatures (others)
  12 plants (D:4)
12 creatures vanquished.

Grand Total: 111 creatures vanquished

Notes
Turn   | Place    | Note
-------+----------+-------------------------------------------
     0 | D:1      | Electrofox the Draconian Ice Elementalist began the quest
                  | for the Orb.
     0 | D:1      | Reached XP level 1. HP: 14/14 MP: 3/3
   268 | D:1      | Reached XP level 2. HP: 20/20 MP: 3/5
   793 | D:2      | Reached XP level 3. HP: 26/26 MP: 4/7
   797 | D:2      | Learned a level 3 spell: Frozen Ramparts
   801 | D:2      | Learned a level 3 spell: Ozocubu's Armour
  1063 | D:2      | Found a hide-covered altar of Uskayaw.
  1889 | D:2      | Reached skill level 5 in Ice Magic
  1889 | D:2      | Reached XP level 4. HP: 33/33 MP: 6/8
  2737 | D:3      | Reached XP level 5. HP: 33/38 MP: 3/10
  2865 | D:3      | Noticed an ogre
  3512 | D:4      | Noticed Grinder
  3708 | D:4      | Found a staircase to the Ecumenical Temple.
  3714 | D:4      | Reached skill level 6 in Ice Magic
  4038 | Temple   | Entered the Ecumenical Temple
  4232 | D:4      | Reached XP level 6. HP: 43/45 MP: 6/11
  4708 | D:4      | Found a transporter.
  4709 | D:4      | Noticed a fire bat
  4709 | D:4      | Noticed a fire bat
  5107 | D:4      | Paralysed by Grinder for 6 turns
  5385 | D:4      | Paralysed by Grinder for 7 turns
  5399 | D:4      | Paralysed by Grinder for 4 turns
  5409 | D:4      | Paralysed by Grinder for 7 turns
  5420 | D:4      | Slain by Grinder

Illustrated notes

Levels and vault maps discovered:
D:1:      nicolae_arrival_memento_mori, layout_rooms
D:2:      layout_loops_ring, eat_drink_and_be_merry_uskayaw, minmay_vboxes
D:3:      layout_loops_cross, kennysheep_generic_room_13
D:4:      gammafunk_cloud_chamber, layout_basic, minmay_temple_entry_slanted,
          serial_bayou, serial_bayou_pond_b, serial_bayou_shore_a,
          serial_bayou_pond_e, serial_bayou_pond_b, serial_bayou_lake_a,
          serial_bayou_crossing, uniq_grinder
Temple:   regret_index_temple_waves

Skill      XL: |  1  2  3  4  5  6 |
---------------+-------------------+-----
Spellcasting   | 3 4 |  4.2
Ice Magic      | 5 6 |  6.8
Dodging        | |  1.7
Stealth        | |  1.7

Action                   |  1- 3 |  4- 6 || total
-------------------------+-------+-------++-------
Melee: Club              |     1 |       ||     1
       Whip              |    14 |       ||    14
       Tailslap          |     3 |     4 ||     7
       Short sword       |     3 |    32 ||    35
       Dagger            |     2 |       ||     2
Throw: Dart              |    10 |    20 ||    30
       Javelin           |       |     7 ||     7
 Cast: Freeze            |    63 |    96 ||   159
       Ozocubu's Armour  |       |     6 ||     6
       Frozen Ramparts   |       |     8 ||     8
  Use: Scroll            |     4 |     3 ||     7
 Stab: Sleeping          |       |     1 ||     1
Armor: Skin              |    11 |    27 ||    38
Dodge: Dodged            |    33 |    50 ||    83
